General information
- name: BNet
- type: Ladder team game (AT/RT)
- host: Battle.net
- saver: THELAGHOTEL
map: TranquilPaths
- players: 4
- length: 18:31
- speed: Fast
- version: 1.21 W3XP
- replay type: Public
» download(78 KB)
Players
team 1 (loser)
Faros- (
purple | 43 APM | 785 actions | 18:17)
3 Warden
2 Shadow Strike
1 Blink
1 Keeper of the Grove
1 Entangling Roots
» actions
| Assign group hotkey | 47 | |
| Basic commands | 38 | |
| Build / train | 36 | |
| Enter build submenu | 13 | |
| Enter hero's abilities submenu | 4 | |
| Right click | 400 | |
| Select / deselect | 176 | |
| Select group hotkey | 39 | |
| Use ability | 32 | |
785 total
» units
| Wisp | 9 | |
| Huntress | 12 | |
| Dryad | 3 | |
| Druid of the Claw | 2 | |
26 total
» upgrades
| Abolish Magic | 1 | |
| Druid of the Claw Training | 1 | |
2 total
» buildings
| Altar of Elders | 1 | |
| Moon Well | 6 | |
| Hunter's Hall | 1 | |
| Ancient of War | 2 | |
| Tree of Ages | 1 | |
| Ancient of Lore | 3 | |
| Tree of Eternity | 1 | |
15 total
» build order
00:05 Altar of Elders
00:24 Moon Well
01:52 Hunter's Hall
01:58 Ancient of War
02:04 Ancient of War
02:07 Moon Well
03:11 Moon Well
04:24 Moon Well
05:27 Moon Well
06:11 Tree of Ages
09:12 Ancient of Lore
09:41 Ancient of Lore
10:20 Ancient of Lore
13:27 Tree of Eternity
14:02 Moon Well
gouhadouken03pr (
yellow | 31 APM | 577 actions | 18:29)
3 Crypt Lord
1 Carrion Beetles
2 Impale
» actions
| Build / train | 50 | |
| Enter build submenu | 15 | |
| Enter hero's abilities submenu | 3 | |
| Remove unit from queue | 3 | |
| Right click | 210 | |
| Select / deselect | 258 | |
| Use ability | 38 | |
577 total
» units
| Acolyte | 3 | |
| Ghoul | 3 | |
| Crypt Fiend | 11 | |
| Necromancer | 5 | |
| Frost Wyrm | 2 | |
24 total
» upgrades
| Creature Attack | 2 | |
| Creature Carapace | 2 | |
| Burrow | 1 | |
| Web | 1 | |
| Necromancer Training | 1 | |
| Skeletal Longevity | 1 | |
| Banshee Training | 1 | |
9 total
» buildings
| Crypt | 2 | |
| Graveyard | 1 | |
| Ziggurat | 5 | |
| Altar of Darkness | 1 | |
| Nerubian Tower | 1 | |
| Tomb of Relics | 1 | |
| Halls of the Dead | 1 | |
| Temple of the Damned | 1 | |
| Sacrificial Pit | 1 | |
| Black Citadel | 1 | |
| Boneyard | 1 | |
| Spirit Tower | 2 | |
18 total
» build order
00:12 Crypt
00:22 Graveyard
00:48 Ziggurat
01:02 Altar of Darkness
02:18 Ziggurat
02:27 Nerubian Tower
02:51 Tomb of Relics
03:06 Ziggurat
03:54 Crypt
05:12 Halls of the Dead
06:47 Ziggurat
07:39 Temple of the Damned
10:27 Ziggurat
11:21 Sacrificial Pit
11:57 Black Citadel
14:28 Boneyard
15:15 Spirit Tower
15:26 Spirit Tower
» items
| Rod of Necromancy | 1 | |
| Sacrificial Skull | 2 | |
| Potion of Healing | 1 | |
| Scroll of Town Portal | 1 | |
5 total
team 2 (winner)
THELAGHOTEL (
red | 73 APM | 1357 actions | 18:31)
6 Mountain King
3 Storm Bolt
2 Bash
1 Avatar
4 Blood Mage
2 Banish
2 Siphon Mana
3 Paladin
2 Holy Light
1 Divine Shield
» actions
| Assign group hotkey | 81 | |
| Basic commands | 75 | |
| Build / train | 72 | |
| ESC pressed | 1 | |
| Enter build submenu | 30 | |
| Enter hero's abilities submenu | 13 | |
| Give item / drop item | 1 | |
| Remove unit from queue | 2 | |
| Right click | 562 | |
| Select / deselect | 373 | |
| Select group hotkey | 70 | |
| Use ability | 77 | |
1357 total
» units
» upgrades
| Masonry | 3 | |
| Gunpowder | 3 | |
| Long Rifles | 1 | |
| Armor | 2 | |
| Lumber Harvesting | 1 | |
10 total
» buildings
| Altar of Kings | 1 | |
| Farm | 9 | |
| Scout Tower | 7 | |
| Lumber Mill | 1 | |
| Arcane Tower | 1 | |
| Blacksmith | 1 | |
| Barracks | 2 | |
| Guard Tower | 6 | |
| Arcane Vault | 1 | |
| Town Hall | 1 | |
| Keep | 2 | |
| Castle | 1 | |
| Workshop | 1 | |
| Gryphon Aviary | 1 | |
35 total
» build order
00:06 Altar of Kings
00:25 Farm
00:52 Scout Tower
01:11 Lumber Mill
01:20 Arcane Tower
01:57 Blacksmith
02:03 Barracks
02:12 Farm
02:15 Scout Tower
02:20 Scout Tower
02:57 Guard Tower
03:24 Farm
03:35 Arcane Vault
04:05 Farm
05:20 Town Hall
06:18 Farm
06:31 Scout Tower
06:45 Keep
06:45 Keep
07:10 Scout Tower
07:12 Guard Tower
07:53 Barracks
07:58 Guard Tower
09:45 Scout Tower
09:48 Scout Tower
10:05 Farm
10:14 Guard Tower
10:19 Guard Tower
10:19 Guard Tower
10:29 Farm
11:03 Castle
11:40 Farm
13:26 Farm
15:43 Workshop
16:00 Gryphon Aviary
» items
| Scroll of Regeneration | 2 | |
| Lesser Clarity Potion | 2 | |
4 total
topangaishawt (
pink | 39 APM | 729 actions | 18:29)
4 Tauren Chieftain
2 Shockwave
2 Endurance Aura
2 Far Seer
1 Chain Lighting
1 Feral Spirit
» actions
| Assign group hotkey | 24 | |
| Basic commands | 50 | |
| Build / train | 63 | |
| Enter build submenu | 20 | |
| Enter hero's abilities submenu | 6 | |
| Give item / drop item | 2 | |
| Remove unit from queue | 5 | |
| Right click | 255 | |
| Select / deselect | 173 | |
| Select group hotkey | 63 | |
| Use ability | 68 | |
729 total
» units
| Peon | 16 | |
| Grunt | 7 | |
| Raider | 1 | |
| Shaman | 3 | |
| Tauren | 3 | |
30 total
» upgrades
| Berserker Strength | 1 | |
| Ensnare | 2 | |
| Shaman Training | 2 | |
| Pulverize | 1 | |
6 total
» buildings
| Altar of Storms | 1 | |
| Orc Burrow | 8 | |
| Barracks | 2 | |
| Voodoo Lounge | 1 | |
| Stronghold | 1 | |
| Beastiary | 2 | |
| Spirit Lodge | 1 | |
| War Mill | 1 | |
| Fortress | 1 | |
| Tauren Totem | 3 | |
21 total
» build order
00:12 Altar of Storms
00:16 Orc Burrow
00:38 Barracks
01:33 Orc Burrow
02:08 Voodoo Lounge
03:04 Orc Burrow
03:53 Stronghold
04:01 Orc Burrow
05:53 Orc Burrow
06:27 Beastiary
06:50 Spirit Lodge
09:28 War Mill
10:21 Fortress
11:39 Barracks
12:12 Beastiary
13:59 Tauren Totem
14:09 Tauren Totem
14:16 Tauren Totem
14:56 Orc Burrow
15:00 Orc Burrow
15:43 Orc Burrow
» items
| Healing Salve | 6 | |
| Potion of Lesser Invulnerability | 1 | |
| Scroll of Town Portal | 1 | |
| Potion of Mana | 1 | |
| Lesser Clarity Potion | 2 | |
| Tiny Great Hall | 1 | |
12 total
Chat log
(00:25 / Allies) topangaishawt: going tc
(04:34 / Allies) THELAGHOTEL: lol
(06:25 / Allies) THELAGHOTEL: expo up
(06:25 / Allies) THELAGHOTEL: lol
(08:03 / Allies) THELAGHOTEL: omw
(08:04 / Allies) THELAGHOTEL: 1 sec
(08:23 / Allies) THELAGHOTEL: ok
(08:24 / Allies) THELAGHOTEL: tp
(08:25 / Allies) THELAGHOTEL: go
(08:29 / Allies) THELAGHOTEL: by ur mine
(08:30 / Allies) THELAGHOTEL: go
(09:02 / Allies) topangaishawt: this fucking pisses me off so much makes me never want to play
(09:09 / All) topangaishawt: you two are terrible
(09:19 / Allies) THELAGHOTEL: y
(10:48 / Allies) THELAGHOTEL: i feel like taking it easy
(10:49 / Allies) THELAGHOTEL: we have the win
(10:52 / Allies) THELAGHOTEL: i want to hit lvl 10
(10:56 / Allies) THELAGHOTEL: with tri hero
(10:57 / Allies) THELAGHOTEL: lol
(13:58 / Allies) THELAGHOTEL: i can make a hero go bye bye
(13:59 / Allies) THELAGHOTEL: lol
(14:45 / Allies) THELAGHOTEL: ima farm ud
(14:46 / Allies) THELAGHOTEL: for awhile
(14:48 / Allies) THELAGHOTEL: but neve rkill
(14:49 / Allies) THELAGHOTEL: lol
(14:56 / Allies) THELAGHOTEL: practice
(15:51 / Allies) THELAGHOTEL: 80 pop full upgrade riflemen
(15:54 / Allies) THELAGHOTEL: cant want much better